 Dungeon Crawl Stone Soup version 0.29-a0-234-g0dae59b3db (webtiles) character file.

Game seed: 8513505281720383198

311 testman the Bolt Thrower (level 6, -4/51 HPs)
             Began as a Formicid Hunter on Mar 3, 2022.
             Slain by an orc
             ... wielding a +0 whip
              (6 damage)
             ... on level 4 of the Dungeon.
             The game lasted 00:13:22 (4059 turns).

testman the Bolt Thrower (Formicid Hunter)          Turns: 4059, Time: 00:13:22

Health: -4/51      AC:  3    Str: 16    XL:     6   Next: 70%
Magic:  6/6        EV: 11    Int: 11    God:
Gold:   110        SH:  0    Dex: 13    Spells: 5/5 levels left

rFire   . . .      SeeInvis +   a - +1 hand crossbow
rCold   . . .      Faith    .   (no shield)
rNeg    . . .      Spirit   .   b - +0 leather armour
rPois   .          Reflect  .   (helmet unavailable)
rElec   .          Harm     .   (no cloak)
rCorr   .          Rampage  .   (no gloves)
Will    .....                   (no boots)
Stlth   +.........              (no amulet)
HPRegen 0.17/turn               n - ring of wizardry
MPRegen 0.10/turn               (no ring)

@: weak-willed
A: permanent stasis, dig shafts and tunnels, antennae 3, four strong arms
a: Dig, Shaft Self


You were on level 4 of the Dungeon.
You visited 1 branch of the dungeon, and saw 4 of its levels.

You collected 110 gold pieces.

Inventory:

Hand Weapons
 a - a +1 hand crossbow (weapon)
Armour
 b - a +0 leather armour (worn)
Jewellery
 n - a ring of wizardry (left hand)
 r - a +4 ring of slaying
Scrolls
 e - a scroll of holy word
 f - 2 scrolls of immolation
 g - a scroll of amnesia
 i - 2 scrolls of vulnerability
 l - a scroll of teleportation
Potions
 d - a potion of lignification {unknown}
 h - 2 potions of degeneration {unknown}
 j - 2 potions of curing
 k - a potion of attraction {unknown}
 q - a potion of berserk rage {unknown}
 s - a potion of heal wounds {unknown}


   Skills:
 + Level 5.3 Fighting
 + Level 6.0 Crossbows
 - Level 1.7 Dodging
 - Level 1.2 Stealth


You had 5 spell levels left.
You didn't know any spells.
Your spell library contained the following spells:

 Spells                   Type           Power      Damage    Failure   Level
 Magic Dart               Conj           0%         1d3       17%         1
 Call Imp                 Summ           0%         N/A       26%         2
 Mephitic Cloud           Conj/Pois/Air  0%         N/A       45%         3


Dungeon Overview and Level Annotations

Branches:
Dungeon (4/15)
 Temple: D:4-7

Altars:
Qazlal


Innate Abilities, Weirdness & Mutations

You cannot be hasted, slowed, berserked, paralysed or teleported.
You can dig through walls and to a lower floor.
You have a pair of large antennae on your head. (SInv)
Your four strong arms can wield two-handed weapons with a shield.


Message History

Anything else - Cancel.
Gang up on whom?
Press: ? - help, Dir - move target, f - orc warrior
Aim: an orc warrior, wielding a +0 halberd and wearing a +0 plate armour (ally target) Attack!
Something hits your goblin.
Your goblin dies!
Your goblin's corpse dissolves into shadows!
The orc wizard gestures wildly while chanting.
The orc wizard flickers and vanishes for a moment.
The orc warrior hits your ogre with a +0 halberd!
Your ogre dies!
Your ogre's corpse dissolves into shadows!
The orc barely misses your adder.
The iguana hisses menacingly.
Shoot: a) +1 hand crossbow
Press: ? - help, Q - select action, (/) - cycle Shift-Dir - straight line, f/p - orc warrior
Aim: an orc warrior, wielding a +0 halberd and wearing a +0 plate armour (ally target, 65% to hit)
You shoot a bolt. The bolt barely misses the orc.
The bolt hits the iguana.
The iguana is lightly wounded.
Your adder closely misses the orc warrior.
You are too injured to fight recklessly!
Shoot: a) +1 hand crossbow
Press: ? - help, Q - select action, (/) - cycle Shift-Dir - straight line, f/p - orc warrior
Aim: an orc warrior, wielding a +0 halberd and wearing a +0 plate armour (ally target, 65% to hit)
You shoot a bolt. The bolt barely misses the orc.
The bolt closely misses the iguana.
The bolt closely misses the orc warrior.
The bolt barely misses the orc.
The bolt barely misses the orc wizard.
Your adder bites the orc warrior.
The orc hits you with a +0 whip.
Your adder closely misses the orc warrior.
The orc hits you but does no damage.
An orc comes into view. It is wielding a +0 club.
Found a club.
Your adder bites the orc warrior but does no damage.
The orc wizard hits your adder with a +0 dagger.
The orc warrior hits you from afar with a +0 halberd!!
* * * LOW HITPOINT WARNING * * *
The orc barely misses you. The orc hits you with a +0 whip.
You die...

,*,.,,*#** *##.##** *,*
,*.#,..,,* #...# *,* ##.#.###,**
#...# **,###*** .........,* #..[#
*,....,,**
<......#..####...#######.[###*,**
..?.)#.#o........†...#.......*,**
.....#,,).......l...o.)......,,,,
.....$...(......oooS.#.......<,**
.......##.####..@#####.o.....,,**
....###.,,* ##...## **###....,,**
##..# *,*** #.....#**,,,**##.,***
**#.#**,* #...<.#*,,,{{**,,,,,,
****,,,** #.#.#.#,*,,,*,*,,,***
,,,,,,***** #.#...#⌠{*{*{⌠***,***
****,,,,,,* #.###.#,*{,,*,*,,>,,,
,,,,,,,**,* *,***.#*{,,,,****,***
,***,,,,*,***,,,,..**+++**,**,***


You could see an orc warrior (ally target), an iguana, an orc wizard
(invisible), 2 orcs and a friendly adder (summoned).

Vanquished Creatures
  3 jellies (D:2)
  8 gnolls
  3 adders
  2 worms
  2 dart slugs (D:1)
  2 orcs
  5 bats
  11 endoplasms
  2 giant cockroaches
  3 goblins
  7 hobgoblins
  7 jackals
  11 kobolds
  3 quokkas
  4 ball pythons
  5 rats
78 creatures vanquished.

Vanquished Creatures (collateral kills)
  An orc priest (D:4)
1 creature vanquished.

Vanquished Creatures (others)
  5 fungi (D:2)
  8 toadstools (D:2)
13 creatures vanquished.

Grand Total: 92 creatures vanquished

Notes
Turn   | Place    | Note
-------+----------+-------------------------------------------
     0 | D:1      | testman the Formicid Hunter began the quest for the Orb.
     0 | D:1      | Reached XP level 1. HP: 16/16 MP: 1/1
    46 | D:1      | Found a faded altar of an unknown god.
   199 | D:1      | Reached XP level 2. HP: 23/23 MP: 2/2
   628 | D:1      | Reached XP level 3. HP: 26/29 MP: 3/3
  1630 | D:2      | Reached XP level 4. HP: 35/35 MP: 4/4
  2075 | D:2      | Reached skill level 5 in Crossbows
  2400 | D:2      | Reached XP level 5. HP: 42/42 MP: 5/5
  2430 | D:2      | HP: 2/42 [gnoll/+0 halberd (11)]
  3013 | D:2      | Reached XP level 6. HP: 50/50 MP: 6/6
  3613 | D:3      | Reached skill level 5 in Fighting
  3753 | D:3      | Found a stormy altar of Qazlal.
  4043 | D:4      | Noticed an orc warrior
  4050 | D:4      | Reached skill level 6 in Crossbows
  4059 | D:4      | HP: 2/51 [orc warrior/+0 halberd (18)]
  4059 | D:4      | Slain by an orc

Illustrated notes

Levels and vault maps discovered:
D:1:      dpeg_arrival_rooms_with_view, layout_basic,
          nicolae_ecumenical_lake_church, minmay_fountain_box,
          minmay_misc_feat_ornament, minmay_misc_feat_doors
D:2:      cheibrodos_fertilizer, layout_loops_cross, minmay_tetromino_l4
D:3:      layout_rooms, nicolae_overflow_crystal_walls
D:4:      layout_loops_cross, led_sif_pool, gammafunk_ghost_nasty_kobolds,
          nicolae_ossuary_entry_catacombs, nicolae_specific_store, uniq_duvessa,
          uniq_menkaure

Skill      XL: |  1  2  3  4  5  6 |
---------------+-------------------+-----
Fighting       | 3 4 5 |  5.3
Crossbows      | 5 6 |  6.0
Dodging        | |  1.7
Stealth        | |  1.2

Action                   |  1- 3 |  4- 6 || total
-------------------------+-------+-------++-------
 Fire: Hand crossbow     |    82 |   214 ||   296
 Abil: Dig               |     2 |       ||     2
  Use: Potion            |     1 |     1 ||     2
       Scroll            |       |     8 ||     8
Armor: Leather armour    |    12 |    31 ||    43
Dodge: Dodged            |    21 |    69 ||    90

Table legend: (Time is in decaauts)
 A = Elapsed time spent in this place.
 B = Non-inter-level travel time spent in this place.
 C = Inter-level travel time spent in this place.
 D = Time resting spent in this place.
 E = Time spent auto-exploring this place.
 F = Levels seen in this place.
 G = Mean time per level.
                   A        B        C        D        E       F      G
               +--------+--------+--------+--------+--------+-----+--------+
         Total |   4145 |   3973 |    172 |   1288 |   2006 |   4 | 1036.2 |
       Dungeon |   4145 |   3973 |    172 |   1288 |   2006 |   4 | 1036.2 |
               +--------+--------+--------+--------+--------+-----+--------+

Top non-repeatable levels by time:
     D:2: 1970 daAuts
     D:1: 1517 daAuts
     D:3: 613 daAuts
     D:4: 44 daAuts
